 Dungeon Crawl Stone Soup version 0.30-a0-4-ga7cffc901d (webtiles) character file.

Game seed: 9117587085296086432

55 ytrimaz the Insei (level 3, 0/26 HPs)
             Began as a Demonspawn Transmuter on Aug 22, 2022.
             Succumbed to an adder's poison
             ... on level 2 of the Dungeon.
             The game lasted 00:03:28 (2031 turns).

ytrimaz the Insei (Demonspawn Transmuter)           Turns: 2031, Time: 00:03:28

Health: 0/26       AC:  2    Str: 10    XL:     3   Next: 67%
Magic:  6/6        EV: 14    Int: 22    God:
Gold:   54         SH:  0    Dex: 13    Spells: 0/6 levels left

rFire   + . .      SeeInvis .    d - +2 dagger (elec)
rCold   + . .      Faith    .    (no shield)
rNeg    . . .      Spirit   .    a - +0 robe
rPois   +          Reflect  .    (helmet currently unavailable)
rElec   +          Harm     .    (no cloak)
rCorr   +          Rampage  .    (no gloves)
Will    .....                    (boots currently unavailable)
Stlth   +.........               (no amulet)
HPRegen 0.08/turn                b - ring of wizardry
MPRegen 0.10/turn                g - +6 ring of intelligence

@: mighty, lethally poisoned (0 -> -2), appendages (expiring), resistant,
attractive, hasted, very quick
A: horns 2, talons 2, repulsion field 1, foul stench 1
a: End Transformation


You were on level 2 of the Dungeon.
You had temporarily grown beastly horns and talons.
You visited 1 branch of the dungeon, and saw 2 of its levels.

You collected 54 gold pieces.

Inventory:

Hand Weapons
 d - a +2 dagger of electrocution (weapon)
Armour
 a - a +0 robe (worn)
Jewellery
 b - a ring of wizardry (left hand)
 g - a +6 ring of intelligence (right hand)
 k - a ring of willpower
Wands
 f - a wand of flame (13)
Scrolls
 l - a scroll of magic mapping
Potions
 c - 2 potions of haste
 j - a potion of attraction


   Skills:
 + Level 1.6 Fighting
 + Level 3.0 Dodging
 - Level 3.2 Unarmed Combat
 - Level 2.0 Spellcasting
 - Level 1.7 Transmutations


You couldn't memorise any spells.
You knew the following spells:

 Your Spells              Type           Power      Damage    Failure   Level
a - Beastly Appendage     Tmut           18%        N/A       2%          1
b - Wereblood             Tmut           9%         N/A       4%          2
c - Spider Form           Tmut/Pois      6%         N/A       12%         3

Your spell library contained the following spells:

 Spells                   Type           Power      Damage    Failure   Level
 Ice Form                 Ice/Tmut       6%         N/A       34%         4


Dungeon Overview and Level Annotations

Branches:
Dungeon (2/15)

Altars:

Shops:
D:1 ?


Innate Abilities, Weirdness & Mutations

You have temporarily grown beastly horns and talons.
You are surrounded by a mild repulsion field. (EV +2)
You may rarely emit foul miasma when damaged in melee.


Message History

* * * LOW HITPOINT WARNING * * *
You feel sick. The adder barely misses you.
Unknown command.
It was a potion of attraction.
You feel attractive to monsters.
Your transformation is almost over.
* * * LOW HITPOINT WARNING * * *
You feel sick. The adder closely misses you.
Unknown command.
It was a potion of might.
You feel very mighty all of a sudden.
* * * LOW HITPOINT WARNING * * *
You feel sick.
Unknown command.
Okay, then.
You puncture the adder!
You kill the adder!
* * * LOW HITPOINT WARNING * * *
You feel sick.
Your Dodging skill increases to level 3!
Unknown command.
Okay, then.
Okay, then.
As you read the scroll labelled TAEMUO JIETZI, it crumbles to dust.
It is a scroll of identify.
You don't have any unidentified items.
Okay, then.
Unknown command.
Casting: Beastly Appendage (safe; 2% risk of failure)
Confirm with . or Enter, or press ? or * to list all spells.
Okay, then.
Okay, then.
Okay, then.
Okay, then.
Casting: Beastly Appendage (safe; 2% risk of failure)
Confirm with . or Enter, or press ? or * to list all spells.
You don't know that spell.
* * * LOW HITPOINT WARNING * * *
You feel sick.
You see here an adder corpse.
You die...

*****############
*****,,,,...........#
*,,,,,***#......@†..#
,,,,,,,,,..#######..#
*,********** #..# *,*
#..## *,**** #...#
*,,,,*****########.#.#
,,,,,,*,,,.........#.#
****,,*,**########.#.#
*,,*,* #.#.#


There were no monsters in sight!

Vanquished Creatures
  2 adders (D:2)
  A ball python (D:1)
  2 endoplasms (D:1)
  2 giant cockroaches
  4 goblins (D:1)
  3 hobgoblins (D:1)
  6 jackals (D:1)
  A quokka (D:1)
  4 bats (D:1)
  2 frilled lizards (D:1)
  3 kobolds
  3 rats
33 creatures vanquished.

Notes
Turn   | Place    | Note
-------+----------+-------------------------------------------
     0 | D:1      | ytrimaz the Demonspawn Transmuter began the quest for the
                  | Orb.
     0 | D:1      | Reached XP level 1. HP: 15/15 MP: 3/3
   343 | D:1      | Gained mutation: You are surrounded by a mild repulsion
                  | field. (EV +2) [demonic ancestry]
   343 | D:1      | Reached XP level 2. HP: 17/21 MP: 3/5
   426 | D:1      | Found Hicuah's Magic Scroll Boutique.
   851 | D:1      | Gained mutation: You may rarely emit foul miasma when
                  | damaged in melee. [demonic ancestry]
   851 | D:1      | Reached XP level 3. HP: 16/26 MP: 6/6
  1045 | D:1      | You fall into a shaft and drop 1 floor!
  1343 | D:1      | Learned a level 2 spell: Wereblood
  1347 | D:1      | Learned a level 3 spell: Spider Form
  1673 | D:2      | Found a faded altar of an unknown god.
  2030 | D:2      | HP: 1/26 [poisoned by an adder]
  2031 | D:2      | Succumbed to an adder's poison

Illustrated notes

Levels and vault maps discovered:
D:1:      lightli_arrival_windingriver, layout_basic, serial_shops, shop
D:2:      layout_loops_ring, ebering_ecumenical_altar_petrified

Skill      XL: |  1  2  3 |
---------------+----------+-----
Unarmed Combat | 3 |  3.2
Dodging        | 2 3 |  3.0
Fighting       | |  1.6
Spellcasting   | |  2.0
Transmutations | |  1.7

Action                   || total
-------------------------++-------
Melee: Unarmed           ||    16
       Kick              ||    16
       Dagger            ||    68
       Headbutt          ||     6
       Punch             ||     1
 Cast: Beastly Appendage ||    19
  Use: Potion            ||     5
       Scroll            ||     4
Armor: Robe              ||    29
       Skin              ||    21
Dodge: Dodged            ||    80

Table legend: (Time is in decaauts)
 A = Elapsed time spent in this place.
 B = Non-inter-level travel time spent in this place.
 C = Inter-level travel time spent in this place.
 D = Time resting spent in this place.
 E = Time spent auto-exploring this place.
 F = Levels seen in this place.
 G = Mean time per level.
                   A        B        C        D        E       F      G
               +--------+--------+--------+--------+--------+-----+--------+
         Total |   2028 |   1979 |     49 |    275 |   1406 |   2 | 1014.0 |
       Dungeon |   2028 |   1979 |     49 |    275 |   1406 |   2 | 1014.0 |
               +--------+--------+--------+--------+--------+-----+--------+

Top non-repeatable levels by time:
     D:1: 1393 daAuts
     D:2: 634 daAuts
